 Dungeon Crawl Stone Soup version 0.21.1-1-g345015f (webtiles) character file.

350 pk666 the Magician (level 6, 0/32 HPs)
             Began as a Deep Elf Wizard on Feb 13, 2018.
             Killed from afar by Mgcat's ghost (10 damage)
             ... with a flame tongue
             ... on level 4 of the Dungeon.
             The game lasted 00:08:36 (4385 turns).

pk666 the Magician (Deep Elf Wizard)                Turns: 4385, Time: 00:08:37

Health: 0/32       AC:  4    Str:  4    XL:     6   Next: 34%
Magic:  8/16       EV: 14    Int: 25    God:
Gold:   125        SH:  0    Dex: 13    Spells: 7/16 levels left

rFire    . . .     SeeInvis .   e - +0 dagger
rCold    . . .     Gourm    .   (no shield)
rNeg     . . .     Faith    .   i - +2 robe {MR+}
rPois    .         Spirit   .   b - +0 hat
rElec    .         Reflect  .   (no cloak)
rCorr    .         Harm     .   (no gloves)
MR       +....                  (no boots)
Stlth    ++........             (no amulet)
HPRegen  0.10/turn              (no ring)
MPRegen  0.15/turn              (no ring)

@: no status effects
A: no striking features
a: no special abilities


You were on level 4 of the Dungeon.
You were not hungry.

You visited 1 branch of the dungeon, and saw 4 of its levels.

You collected 125 gold pieces.

Inventory:

Hand Weapons
 e - a +0 dagger (weapon)
Missiles
 f - 3 javelins (quivered)
Armour
 b - a +0 hat (worn)
 i - a +2 robe of magic resistance (worn)
Jewellery
 a - an uncursed amulet of rage {unknown}
Wands
 m - a wand of digging (17)
 y - a wand of acid (8)
Scrolls
 g - 2 scrolls of identify {unknown}
 k - 2 scrolls of teleportation {unknown}
 l - a scroll of remove curse {unknown}
 n - a scroll of enchant armour {unknown}
 q - 2 scrolls of fear {unknown}
 t - a scroll of immolation {unknown}
 x - a scroll of amnesia {unknown}
Potions
 h - a potion of lignification {unknown}
 j - 2 potions of haste {unknown}
 o - 3 potions of degeneration {unknown}
 p - a potion of might {unknown}
 r - 3 potions of agility {unknown}
 s - a potion of invisibility {unknown}
 v - a potion of mutation {unknown}
 w - a potion of heal wounds {unknown}
Books
 c - a book of Minor Magic

   Spells                             Type                      Level
   a - Magic Dart                     Conjuration                  1
   b - Blink                          Translocation                2
   c - Call Imp                       Summoning                    2
   d - Slow                           Hexes                        2
   e - Conjure Flame                  Conjuration/Fire             3
   f - Mephitic Cloud                 Conjuration/Poison/Air       3
Comestibles
 d - 6 rations


   Skills:
 + Level 2.2 Short Blades
 + Level 3.8 Dodging
 - Level 2.4 Stealth
 + Level 5.6 Spellcasting
 + Level 2.8 Conjurations
   Level 1.1 Summonings
 - Level 1.1 Translocations
 * Level 2.1 Fire Magic
 * Level 1.9 Air Magic
 * Level 2.1 Poison Magic


You had 7 spell levels left.
You knew the following spells:

 Your Spells              Type           Power        Failure   Level  Hunger
a - Magic Dart            Conj           ###.         2%          1    None
b - Blink                 Tloc           N/A          8%          2    None
d - Conjure Flame         Conj/Fire      ###.....     9%          3    #......
z - Mephitic Cloud        Conj/Pois/Air  ###.....     9%          3    #......


Dungeon Overview and Level Annotations

Branches:
Dungeon (4/15)
 Temple: D:4-7

Altars:
Makhleb

Annotations:
D:4 Mgcat's ghost, amateur GrFE


Message History

Mgcat's ghost hits you.
Casting: Magic Dart
Confirm with . or Enter, or press ? or * to list all spells.
Aiming: Magic Dart
Press: ? - help, Shift-Dir - straight line, f/p - Mgcat's ghost
Aim: Mgcat's ghost, wielding a vorpal weapon (moderately damaged)
The magic dart hits Mgcat's ghost.
Mgcat's ghost is moderately damaged.
Mgcat's ghost gestures at you while chanting.
The flame tongue hits you!
Casting: Magic Dart
Confirm with . or Enter, or press ? or * to list all spells.
Aiming: Magic Dart
Press: ? - help, Shift-Dir - straight line, f/p - Mgcat's ghost
Aim: Mgcat's ghost, wielding a vorpal weapon (moderately damaged)
The magic dart hits Mgcat's ghost.
Mgcat's ghost is moderately damaged.
Mgcat's ghost points at you and mumbles some strange words.
The flame tongue hits you!
You die...

####### ##### #.....#
#...#
#.....####...#########
#>(...................
#.....................
#.....#@#....#.###...
#.....#W#....#.#
###.....#.#....#.#
#.....###.#.#+##.# .
#.....+.....# #.###....
#.....###.###+##........
#.....#.>.......########
##'####.#.......'....#
#.# #.#(......###.##


You could see Mgcat's ghost.

Vanquished Creatures
  Grinder (D:3)
  A hound (D:2)
  Jessica (D:2)
  3 adders
  A worm (D:2)
  A dart slug (D:2)
  A leopard gecko (D:1)
  7 giant cockroaches
  5 goblins
  2 hobgoblins (D:2)
  6 jackals (D:1)
  9 kobolds
  A ball python (D:2)
  11 bats
  2 frilled lizards
  9 rats
61 creatures vanquished.

Notes
Turn   | Place    | Note
-------+----------+-------------------------------------------
     0 | D:1      | pk666 the Deep Elf Wizard began the quest for the Orb.
     0 | D:1      | Reached XP level 1. HP: 10/10 MP: 7/7
   337 | D:1      | Reached XP level 2. HP: 14/15 MP: 1/9
  1143 | D:1      | Reached skill level 1 in Short Blades
  1464 | D:2      | Noticed Jessica
  1468 | D:2      | Killed Jessica
  1468 | D:2      | Reached skill level 5 in Spellcasting
  1468 | D:2      | Reached XP level 3. HP: 19/19 MP: 5/11
  1869 | D:2      | Reached XP level 4. HP: 24/24 MP: 10/13
  1873 | D:2      | Learned a level 2 spell: Blink
  1877 | D:2      | Learned a level 3 spell: Mephitic Cloud
  1881 | D:2      | Learned a level 3 spell: Conjure Flame
  2142 | D:2      | Found a burning altar of Makhleb.
  2724 | D:3      | Noticed Grinder
  2926 | D:3      | Killed Grinder
  2926 | D:3      | Reached skill level 1 in Air Magic
  2926 | D:3      | Reached XP level 5. HP: 7/28 MP: 0/15
  2926 | D:3      | Reached XP level 6. HP: 8/32 MP: 0/16
  3874 | D:4      | Noticed Mgcat's ghost (amateur GrFE)
  4385 | D:4      | Killed from afar by Mgcat's ghost

Skill      XL: |  1  2  3  4 |
---------------+-------------+-----
Short Blades   | 1 2 |  2.2
Dodging        | 3 |  3.8
Spellcasting   | 5 |  5.6
Conjurations   | 2 |  2.8
Fire Magic     | 2 |  2.1
Air Magic      | 1 |  1.9
Poison Magic   | 2 |  2.1
Stealth        | |  2.4
Summonings     | |  1.1
Translocations | |  1.1

Action                   |  1- 3 |  4- 6 || total
-------------------------+-------+-------++-------
Melee: Dagger            |    42 |     4 ||    46
       Unarmed           |       |    18 ||    18
Throw: Javelin           |       |     3 ||     3
 Cast: Magic Dart        |    90 |    97 ||   187
       Conjure Flame     |       |     3 ||     3
       Blink             |       |     2 ||     2
  Eat: Chunk             |     3 |     5 ||     8
       Ration            |       |     1 ||     1
Armor: Robe              |    22 |     6 ||    28
       Skin              |       |     1 ||     1
Dodge: Dodged            |    51 |    29 ||    80
